 Dungeon Crawl Stone Soup version 0.28-a0-1624-g820543e53a (webtiles) character file.

Game seed: 16254864060921756603

91 Sabo the Gusty (level 4, 0/33 HPs)
             Began as a Draconian Air Elementalist on Jan 23, 2022.
             Was a Follower of Vehumet.
             Killed from afar by Ijyb (9 damage)
             ... with a puff of flame
             ... on level 3 of the Dungeon.
             The game lasted 00:20:32 (3150 turns).

Sabo the Gusty (Draconian Air Elementalist)         Turns: 3150, Time: 00:20:33

Health: 0/33       AC:  5    Str: 10    XL:     4   Next: 33%
Magic:  1/8        EV: 12    Int: 17    God:    Vehumet [*.....]
Gold:   123        SH:  0    Dex: 12    Spells: 4/9 levels left

rFire   . . .      SeeInvis .   i - +1 hand axe (elec)
rCold   . . .      Faith    .   (no shield)
rNeg    . . .      Spirit   .   (armour unavailable)
rPois   .          Reflect  .   (helmet restricted)
rElec   .          Harm     .   (no cloak)
rCorr   .          Rampage  .   (no gloves)
Will    .....                   (no boots)
Stlth   ++........              (no amulet)
HPRegen 0.11/turn               (no ring)
MPRegen 0.11/turn               (no ring)

@: no status effects
A: AC +5, unfitting armour, cold-blooded
a: Renounce Religion


You were on level 3 of the Dungeon.
You worshipped Vehumet.
Vehumet was aware of your devotion.
You visited 1 branch of the dungeon, and saw 3 of its levels.

You collected 123 gold pieces.

Inventory:

Hand Weapons
 e - a +0 dagger of freezing
 i - a +1 hand axe of electrocution (weapon)
Missiles
 g - 81 stones
 h - 17 sling bullets
 j - 3 boomerangs (quivered)
 k - 9 poisoned darts
Scrolls
 b - a scroll of fear
 c - a scroll of amnesia
Potions
 a - 5 potions of curing
 f - a potion of mutation {unknown}
 l - a potion of magic {unknown}


   Skills:
 + Level 0.3 Short Blades
 + Level 2.1 Dodging
 + Level 1.9 Stealth
 + Level 3.0 Spellcasting
 + Level 1.8 Conjurations
 + Level 3.7 Air Magic


You had 4 spell levels left.
You knew the following spells:

 Your Spells              Type           Power      Damage    Failure   Level
a - Shock                 Conj/Air       48%        1d6       5%          1
b - Scorch                Fire           4%         2d5       26%         2
c - Static Discharge      Conj/Air       12%        N/A       9%          2

Your spell library contained the following spells:

 Spells                   Type           Power      Damage    Failure   Level
 Swiftness                Air            15%        N/A       11%         3
 Airstrike                Air            7%         N/A       36%         4


Dungeon Overview and Level Annotations

Branches:
Dungeon (3/15)

Altars:
Vehumet

Shops:
D:1 *

Annotations:
D:3 Ijyb


Innate Abilities, Weirdness & Mutations

Your plain brown scales are hard. (AC +5)
You cannot fit into any form of body armour.
You are cold-blooded and may be slowed by cold attacks.


Message History

The iguana is moderately wounded.
Ijyb zaps a wand.
The puff of flame misses you.
Casting: Shock (safe; 5% risk of failure)
Confirm with . or Enter, or press ? or * to list all spells.
Aiming: Shock (safe; 5% risk of failure)
Press: ? - help, Shift-Dir - straight line, f/p - Ijyb
Aim: Ijyb, wielding a +0 dagger, wearing a +4 ring mail of positive energy, quivering stones and carrying a wand of flame (9) (moderately wounded, 64% to hit)
The zap hits Ijyb but does no damage.
Ijyb is moderately wounded.
The zap hits the iguana.
The iguana is heavily wounded.
Ijyb hits you with a +0 dagger.
Unknown command.
Casting: Shock (safe; 5% risk of failure)
Confirm with . or Enter, or press ? or * to list all spells.
Aiming: Shock (safe; 5% risk of failure)
Press: ? - help, Shift-Dir - straight line, f/p - Ijyb
Aim: Ijyb, wielding a +0 dagger, wearing a +4 ring mail of positive energy, quivering stones and carrying a wand of flame (9) (moderately wounded, 64% to hit)
The zap misses Ijyb.
The zap hits the iguana.
The iguana is severely wounded.
Ijyb misses you.
Casting: Shock (safe; 5% risk of failure)
Confirm with . or Enter, or press ? or * to list all spells.
Aiming: Shock (safe; 5% risk of failure)
Press: ? - help, Shift-Dir - straight line, f/p - Ijyb
Aim: Ijyb, wielding a +0 dagger, wearing a +4 ring mail of positive energy, quivering stones and carrying a wand of flame (9) (moderately wounded, 64% to hit)
The zap hits Ijyb.
Ijyb is heavily wounded.
The zap hits the iguana.
The iguana is almost dead.
Ijyb hits you with a +0 dagger.
You barely miss Ijyb.
Ijyb is heavily wounded.
The iguana hisses menacingly.
Ijyb zaps a wand.
The puff of flame hits you.
* * * LOW HITPOINT WARNING * * *
You closely miss Ijyb.
Ijyb is heavily wounded.
Ijyb misses you.
Ijyb zaps a wand.
The puff of flame hits you!
You die...

........................
..........###.###.#.....
..........# #.# #.#.###.
..........# #.# #.#.# #.
#######'#.# #.# #.#..
#.#.# #.# #.### #.#.#
#.# #.# #.#.# #.# #.#
#@#.. #g##. #l# . #.. ..
#.. #..# #..# #..#


You could see Ijyb and an iguana.

Vanquished Creatures
  Terence (D:2)
  An adder (D:2)
  A worm (D:3)
  3 dart slugs (D:1)
  An orc (D:3)
  4 endoplasms
  3 giant cockroaches
  7 goblins
  3 hobgoblins
  3 jackals (D:2)
  5 kobolds
  5 ball pythons
  3 bats (D:1)
  3 frilled lizards
  3 rats
46 creatures vanquished.

Notes
Turn   | Place    | Note
-------+----------+-------------------------------------------
     0 | D:1      | Sabo the Draconian Air Elementalist began the quest for the
                  | Orb.
     0 | D:1      | Reached XP level 1. HP: 14/14 MP: 3/3
   195 | D:1      | Found a faded altar of an unknown god.
   199 | D:1      | Prayed at the altar of an unknown god.
   199 | D:1      | Became a worshipper of Vehumet
   199 | D:1      | Reached * piety under Vehumet
   199 | D:1      | Offered knowledge of Sandblast by Vehumet.
   469 | D:1      | Reached XP level 2. HP: 20/20 MP: 0/5
   598 | D:1      | Found Fesio's Assorted Antiques.
  1343 | D:1      | Reached XP level 3. HP: 26/26 MP: 3/6
  1972 | D:2      | Noticed Terence
  1989 | D:2      | Killed Terence
  2353 | D:2      | Reached XP level 4. HP: 33/33 MP: 8/8
  2378 | D:2      | Identified the +0 leather armour "Jahueloe" {Regen+ SInv}
  2737 | D:3      | Noticed Ijyb
  2930 | D:3      | Offered knowledge of Scorch by Vehumet.
  2941 | D:3      | Learned a level 2 spell: Scorch
  2944 | D:3      | Learned a level 2 spell: Static Discharge
  3150 | D:3      | Killed from afar by Ijyb

Illustrated notes

Levels and vault maps discovered:
D:1:      eino_arrival_tree_alley, layout_loops_cross, serial_shops, shop,
          nicolae_ecumenical_lake_church
D:2:      layout_loops_ring, uniq_terence
D:3:      layout_basic, mainiacjoe_overflow_six_doors_small,
          mainiacjoe_overflow_cross_hatched, serial_shops, shop_fountains,
          uniq_ijyb, uniq_sigmund, uniq_natasha

Skill      XL: |  1  2  3  4 |
---------------+-------------+-----
Dodging        | 2 |  2.1
Spellcasting   | 3 |  3.0
Short Blades   | |  0.3
Stealth        | |  1.9
Conjurations   | |  1.8
Air Magic      | |  3.7

Action                   |  1- 3 |  4- 6 || total
-------------------------+-------+-------++-------
Melee: Dagger            |    18 |       ||    18
       Tailslap          |     3 |     1 ||     4
       Unarmed           |     2 |       ||     2
       Punch             |     2 |       ||     2
       Hand axe          |     3 |    14 ||    17
 Cast: Shock             |    59 |    33 ||    92
  Use: Scroll            |       |     3 ||     3
Armor: Skin              |     8 |     4 ||    12
Dodge: Dodged            |    14 |    16 ||    30

Table legend: (Time is in decaauts)
 A = Elapsed time spent in this place.
 B = Non-inter-level travel time spent in this place.
 C = Inter-level travel time spent in this place.
 D = Time resting spent in this place.
 E = Time spent auto-exploring this place.
 F = Levels seen in this place.
 G = Mean time per level.
                   A        B        C        D        E       F      G
               +--------+--------+--------+--------+--------+-----+--------+
         Total |   3154 |   3154 |      0 |   1239 |      0 |   3 | 1051.3 |
       Dungeon |   3154 |   3154 |      0 |   1239 |      0 |   3 | 1051.3 |
               +--------+--------+--------+--------+--------+-----+--------+

Top non-repeatable levels by time:
     D:1: 1550 daAuts
     D:2: 1346 daAuts
     D:3: 257 daAuts
